 Dungeon Crawl Stone Soup version 0.26-a0-651-gb41185065b (console) character file.

Game seed: 5151138679733849303

130 om the Chiller (level 4, -4/33 HPs)
             Began as a Draconian Ice Elementalist on Sept 30, 2020.
             Slain by Grinder (5 damage)
             ... on level 2 of the Dungeon.
             The game lasted 00:07:12 (3590 turns).

om the Chiller (Draconian Ice Elementalist)         Turns: 3590, Time: 00:07:13

Health: -4/33      AC:  5    Str: 10    XL:     4   Next: 89%
Magic:  0/8        EV: 13    Int: 16    God:
Gold:   135        SH:  0    Dex: 12    Spells: 5/9 levels left

rFire    . . .     SeeInvis .   c - +0 club
rCold    . . .     Faith    .   (no shield)
rNeg     . . .     Spirit   .   (armour unavailable)
rPois    .         Reflect  .   (helmet restricted)
rElec    .         Harm     .   (no cloak)
rCorr    .         Rampage  .   (no gloves)
MR       .....                  (no boots)
Stlth    ++........             (no amulet)
HPRegen  0.11/turn              (no ring)
MPRegen  0.11/turn              (no ring)

@: no status effects
A: unfitting armour, cold-blooded, AC +5
a: no special abilities


You were on level 2 of the Dungeon.
You visited 1 branch of the dungeon, and saw 3 of its levels.

You collected 135 gold pieces.

Inventory:

Hand Weapons
 c - a +0 club (weapon)
Jewellery
 d - a cursed +4 ring of evasion {unknown}
 i - a cursed ring of teleportation {unknown}
Scrolls
 b - a scroll of magic mapping
 e - 3 scrolls of identify
 f - 4 scrolls of amnesia
 g - a scroll of enchant armour {unknown}
 h - a scroll of remove curse
 k - a scroll of teleportation {unknown}
 m - a scroll of enchant weapon {unknown}
 n - 2 scrolls of fog {unknown}
Potions
 a - 2 potions of berserk rage {unknown}
 j - a potion of brilliance {unknown}
 l - a potion of flight {unknown}


   Skills:
 + Level 3.1 Dodging
 - Level 2.0 Stealth
 - Level 3.0 Spellcasting
 + Level 4.9 Ice Magic


You had 5 spell levels left.
You knew the following spells:

 Your Spells              Type           Power        Failure   Level
a - Freeze                Ice            ###.         2%          1
b - Frozen Ramparts       Ice            ###...       8%          3

Your spell library contained the following spells:

 Spells                   Type           Power        Failure   Level
 Ozocubu's Armour         Ice            ###.....     8%          3
 Hailstorm                Conj/Ice       ##......     56%         4
 Summon Ice Beast         Ice/Summ       ##......     56%         4


Dungeon Overview and Level Annotations

Branches:
Dungeon (3/15)

Altars:
Cheibriados
Fedhas

Annotations:
D:2 Grinder
D:3 Sigmund


Innate Abilities, Weirdness & Mutations

Your plain brown scales are hard. (AC +5)
You cannot fit into any form of body armour.
You are cold-blooded and may be slowed by cold attacks.


Message History

Aiming: Freeze (safe; 2% risk of failure)
Press: ? - help, Shift-Dir - straight line, f/p - Grinder
Aim: Grinder (lightly wounded) Grinder resists.
You freeze Grinder.
Grinder is lightly wounded.
Grinder grins, showing sharp teeth.
Grinder closely misses you.
As you read the scroll labeled WEIBYSK ZEADA, it crumbles to dust.
It is a scroll of identify.
f - 4 scrolls of amnesia Grinder hits you.
* * * LOW HITPOINT WARNING * * *
As you read the scroll labeled ISTROO YSUU, it crumbles to dust.
You feel momentarily disoriented.
It was a scroll of magic mapping.
Grinder gestures at you. Pain shoots through your body!
* * * LOW HITPOINT WARNING * * *
As you read the scroll labeled HAOBIA HOEKHOZ, it crumbles to dust.
You feel blessed for a moment.
It was a scroll of remove curse.
Grinder hits you.
You die...

#..####.#.#######...
#...........÷.......
#######.#.#####.#######.##
#...............# #.#
#.#####.#.####### #.# #.#
#.#.# #.# #.# #.#.# #.#
#.# #.#.#############.##
#.# #......÷..........#.
#.#######.###############.
#.......5@...........#####
##################........
#.#.##### #.#.## # #.#..#
# #####'##.## #
#......#..# #
#...>..##.###
#....[.##..##
#####.##..... #.##.....


You could see Grinder.

Vanquished Creatures
  5 gnolls
  2 adders
  An ooze (D:1)
  A worm (D:2)
  A dart slug (D:1)
  8 hobgoblins
  7 jackals (D:1)
  4 kobolds
  2 quokkas (D:2)
  4 bats
  4 frilled lizards
  7 goblins
  8 rats
54 creatures vanquished.

Notes
Turn   | Place    | Note
-------+----------+-------------------------------------------
     0 | D:1      | om the Draconian Ice Elementalist began the quest for the
                  | Orb.
     0 | D:1      | Reached XP level 1. HP: 14/14 MP: 3/3
   719 | D:1      | Reached XP level 2. HP: 17/20 MP: 0/5
  1296 | D:1      | Reached XP level 3. HP: 3/26 MP: 2/6
  1938 | D:1      | Learned a level 3 spell: Frozen Ramparts
  2336 | D:2      | Found a snail-covered altar of Cheibriados.
  2425 | D:2      | Reached XP level 4. HP: 33/33 MP: 3/8
  2701 | D:2      | Found a blossoming altar of Fedhas.
  3437 | D:3      | Noticed Sigmund
  3544 | D:3      | Noticed Grinder
  3545 | D:3      | Paralysed by Grinder for 2 turns
  3568 | D:3      | Paralysed by Grinder for 4 turns
  3589 | D:2      | HP: 1/33 [Grinder/nerve-wracking pain (4)]
  3590 | D:2      | Slain by Grinder

Illustrated notes

Levels and vault maps discovered:
D:1:      dpeg_arrival_refuge, layout_basic
D:2:      layout_basic, cheibriados_altar_1, lemuel_round_altar
D:3:      layout_loops_ring, serial_forest, infiniplex_forest_straight_3,
          infiniplex_forest_clump_long, infiniplex_forest_end_3,
          infiniplex_forest_straight_3, infiniplex_forest_lined_1,
          solitary_fountain, minmay_misc_feat_more_columns, uniq_grinder,
          uniq_sigmund, uniq_natasha

Skill      XL: |  1  2  3  4 |
---------------+-------------+-----
Stealth        | 2 |  2.0
Dodging        | 2 3 |  3.1
Spellcasting   | 3 |  3.0
Ice Magic      | |  4.9

Action                   |  1- 3 |  4- 6 || total
-------------------------+-------+-------++-------
Melee: Club              |    69 |    60 ||   129
       Unarmed           |     7 |       ||     7
       Tailslap          |     4 |     5 ||     9
 Cast: Freeze            |    36 |    18 ||    54
       Frozen Ramparts   |     1 |     2 ||     3
  Use: Scroll            |       |     3 ||     3
 Stab: Sleeping          |     1 |     4 ||     5
Armor: Skin              |    50 |    19 ||    69
Dodge: Dodged            |   115 |    68 ||   183

Table legend: (Time is in decaauts)
 A = Elapsed time spent in this place.
 B = Non-inter-level travel time spent in this place.
 C = Inter-level travel time spent in this place.
 D = Time resting spent in this place.
 E = Time spent auto-exploring this place.
 F = Levels seen in this place.
 G = Mean time per level.
                   A        B        C        D        E       F      G
               +--------+--------+--------+--------+--------+-----+--------+
         Total |   3629 |   3526 |    103 |   1278 |   1604 |   3 | 1209.7 |
       Dungeon |   3629 |   3526 |    103 |   1278 |   1604 |   3 | 1209.7 |
               +--------+--------+--------+--------+--------+-----+--------+

Top non-repeatable levels by time:
     D:1: 2315 daAuts
     D:2: 1211 daAuts
     D:3: 102 daAuts
